 Dungeon Sprint DCSS version 0.19-a0-1468-ge013c26 (webtiles) character file.

12594 LORDOFBUTT the Bludgeoner (level 11, -30/72 HPs)
             Began as a Vine Stalker Berserker on Sept 7, 2016.
             Was the Champion of Trog.
             Killed from afar by a frost giant (46 damage)
             ... with a bolt of cold
             ... in the Dungeon (Sprint IX: "|||||||||||||||||||||||||||||").
             The game lasted 00:07:07 (1576 turns).

LORDOFBUTT the Bludgeoner (Vine Stalker Berserker)  Turns: 1576, Time: 00:07:07

Health: -30/72     AC: 10    Str: 19    XL:     11   Next: 95%
Magic:  0/12       EV: 23    Int: 10    God:    Trog [******]
Gold:   1720       SH:  0    Dex: 18    Spells: 0 memorised, 10 levels left

rFire  . . .     SeeInvis .     j - +3 dire flail (drain)
rCold  . . .     Gourm    .     b - +0 animal skin
rNeg   . . .     Faith    .     (shield currently unavailable)
rPois  .         Spirit   +     q - +0 helmet
rElec  .         Dismiss  .     D - +2 cloak
rCorr  .         Reflect  .     C - +2 pair of gloves
MR     +....     Harm     .     (no boots)
Stlth  +++....... NoTele   +    (no amulet)
                                o - +2 ring of evasion
                                n - +3 ring of intelligence

@: exhausted, very slightly contaminated, slowed, very slow
A: fangs 3, regeneration 1, magic shield, antimagic bite, no device heal 3, rot
immunity
a: Berserk, Trog's Hand, Brothers in Arms, Burn Spellbooks, Renounce Religion


You were in the Dungeon.
You worshipped Trog.
Trog was exalted by your worship.
You were not hungry.

You visited 1 branch You collected 1900 gold pieces.
You spent 180 gold pieces at shops.

Inventory:

Hand Weapons
 a - a +0 mace
 j - a +3 dire flail of draining (weapon)
 p - a +2 antimagic dire flail
 H - a +4 antimagic dire flail
Missiles
 A - 2 poisoned tomahawks (quivered)
Armour
 b - a +0 animal skin (worn)
 q - a +0 helmet (worn)
 C - a +2 pair of gloves (worn)
 D - a +2 cloak (worn)
Jewellery
 n - a +3 ring of intelligence (left hand)
 o - a +2 ring of evasion (right hand)
 x - an uncursed ring of ice
 z - an uncursed ring of protection from fire
 E - an uncursed ring of protection from magic
Wands
 m - a wand of acid (7/15)
Scrolls
 i - 2 scrolls of blinking
 l - 4 scrolls of remove curse
 u - a scroll of magic mapping
 y - 3 scrolls of recharging
 F - a scroll of fear
 G - a scroll of identify
Potions
 c - 3 potions of might
 d - 6 potions of curing
 e - 9 potions of heal wounds
 f - a potion of haste
 g - 4 potions of magic
 h - 2 potions of berserk rage
 k - a potion of invisibility
 s - a potion of cure mutation
 t - a potion of brilliance
 w - a potion of flight
Comestibles
 r - 35 fruits
 v - 12 bread rations
 B - 11 meat rations


   Skills:
 + Level 15.5 Fighting
 + Level 16.4 Maces & Flails
 + Level 4.7 Armour
 + Level 11.7 Dodging
 + Level 4.3 Stealth


You had 10 spell levels left.
You didn't know any spells.

Dungeon Overview and Level Annotations

Branches:
Dungeon (1/1)

Altars:
Cheibriados
Dithmenos
Elyvilon
Fedhas
Gozag
Hepliaklqana
Kikubaaqudgha
Makhleb
Nemelex Xobeh
Okawaru
Qazlal
Ru
Sif Muna
Trog
Uskayaw
Vehumet
Xom
Yredelemnul
Zin
The Shining One
Beogh
Jiyva
Lugonu

Shops:
D (?!*


Innate Abilities, Weirdness & Mutations

You have razor-sharp teeth.
Your natural rate of healing is unusually fast.
When hurt, damage is shared between your health and your magic reserves.
Your bite disrupts and absorbs the magic of your enemies.
Potions and wands cannot restore your health.
You are immune to rotting.


Message History

The stone giant dies!
Trog accepts your kill.
Your deep troll bites the frost giant!!
Your deep troll claws the frost giant.
Your deep troll claws the frost giant but does no damage.
The frost giant hits your deep troll with a battleaxe of freezing!
The frost giant freezes your deep troll.
There is an open door to the Dungeon, spattered with blood here.
Things that are here:
a dagger; a robe; a kobold corpse Your deep troll bites the frost giant!!
Your deep troll claws the frost giant but does no damage. x2
The frost giant hits your deep troll with a battleaxe of freezing!!
The frost giant freezes your deep troll.
Your deep troll dies!
Your deep troll's corpse disappears in a puff of smoke!
The frost giant shouts!
The frost giant points at you and mumbles some strange words.
The bolt of cold hits you!
Ouch! That really hurt!
You die...

▓.▓.▓[▓.▓'▓.▓'▓
▓.▓.▓'▓.▓.▓.▓.▓
▓.▓.▓.▓.▓.▓.▓_▓
▓C▓.▓)▓.▓.▓.▓_▓
▓.▓.▓.▓.▓.▓.▓_▓
▓.▓.▓)▓.▓.▓.▓_▓
▓.▓.▓)▓.▓.▓.▓_▓
▓.▓.▓)▓.▓.▓.▓_▓
▓@▓.▓)▓.▓÷▓.▓_▓
▓.▓.▓)▓.▓÷▓.▓_▓
▓[▓.▓)▓.▓)▓.▓_▓
▓[▓.▓)▓.▓.▓.▓_▓
▓[▓.▓)▓.▓.▓.▓_▓
▓[▓.▓)▓.▓.▓.▓_▓
▓[▓.▓'▓.▓.▓.▓_▓
▓[▓.▓.▓.▓.▓.▓_▓
▓[▓.▓.▓.▓.▓.▓_▓


You could see a frost giant.

Vanquished Creatures
  A centaur warrior (D)
  4 ogre magi (D)
  Urug (D)
  A lindwurm (D)
  An orb spider (shapeshifter) (D)
  A cyclops (D)
  An elephant (D)
  A spiny frog (D)
  A kobold demonologist (D)
  An efreet (D)
  2 komodo dragons (D)
  3 giant leeches (D)
  4 two-headed ogres (D)
  A slime creature (D)
  A hippogriff (D)
  4 water moccasins (D)
  2 porcupines (D)
  A sky beast (D)
  12 orc warriors (D)
  5 ogres (D)
  A wolf (D)
  A centaur (D)
  An eye of draining (D)
  3 crocodiles (D)
  3 giant frogs (D)
  A crimson imp (D)
  2 jellies (D)
  An orc priest (D)
  6 orc wizards (D)
  A worker ant (D)
  2 adders (D)
  2 river rats (D)
  An adder zombie (D)
  4 worms (D)
  A dart slug (D)
  7 orcs (D)
  2 bat skeletons (D)
  A goblin (D)
  2 hobgoblins (D)
  A kobold (D)
  A quokka (D)
  A giant cockroach zombie (D)
  A giant newt (D)
94 creatures vanquished.

Vanquished Creatures (collateral kills)
  A stone giant (D)
  A deep troll earth mage (D)
2 creatures vanquished.

Vanquished Creatures (others)
  An adder skeleton (D)
1 creature vanquished.

Grand Total: 97 creatures vanquished

Notes
Turn   | Place    | Note
-------+----------+-------------------------------------------
     0 | D        | LORDOFBUTT the Vine Stalker Berserker began the quest for the Orb.
     0 | D        | Reached XP level 1. HP: 11/11 MP: 2/2
     8 | D        | Reached skill level 3 in Maces & Flails
     9 | D        | Reached ** piety under Trog
    13 | D        | Reached XP level 2. HP: 16/16 MP: 1/3
    56 | D        | Noticed a centaur
    60 | D        | Reached *** piety under Trog
    64 | D        | Killed a centaur
    64 | D        | Reached skill level 5 in Fighting
    64 | D        | Reached skill level 5 in Maces & Flails
    64 | D        | Reached XP level 3. HP: 14/23 MP: 1/4
    64 | D        | Gained mutation: Your natural rate of healing is unusually fast. [Vine Stalker growth]
    64 | D        | Reached XP level 4. HP: 17/28 MP: 1/5
   118 | D        | Found a roughly hewn altar of Beogh.
   118 | D        | Found a snail-covered altar of Cheibriados.
   118 | D        | Found a shadowy altar of Dithmenos.
   118 | D        | Found a white marble altar of Elyvilon.
   118 | D        | Found a blossoming altar of Fedhas.
   118 | D        | Found an opulent altar of Gozag.
   119 | D        | Found a hazy altar of Hepliaklqana.
   120 | D        | Found a viscous altar of Jiyva.
   121 | D        | Found an ancient bone altar of Kikubaaqudgha.
   122 | D        | Found a corrupted altar of Lugonu.
   123 | D        | Found a burning altar of Makhleb.
   124 | D        | Found a sparkling altar of Nemelex Xobeh.
   125 | D        | Found an iron altar of Okawaru.
   126 | D        | Found a stormy altar of Qazlal.
   127 | D        | Found a sacrificial altar of Ru.
   128 | D        | Found a deep blue altar of Sif Muna.
   129 | D        | Found a bloodstained altar of Trog.
   130 | D        | Found a hide-covered altar of Uskayaw.
   131 | D        | Found a radiant altar of Vehumet.
   132 | D        | Found a shimmering altar of Xom.
   133 | D        | Found a basalt altar of Yredelemnul.
   134 | D        | Found a glowing silver altar of Zin.
   135 | D        | Found a glowing golden altar of the Shining One.
   206 | D        | Noticed an eye of draining
   206 | D        | Noticed a giant frog
   211 | D        | Killed a giant frog
   211 | D        | Reached **** piety under Trog
   211 | D        | Reached skill level 6 in Maces & Flails
   211 | D        | Reached XP level 5. HP: 32/32 MP: 6/6
   212 | D        | Reached skill level 7 in Maces & Flails
   217 | D        | Reached XP level 6. HP: 38/38 MP: 7/7
   220 | D        | Killed an eye of draining
   221 | D        | Reached ***** piety under Trog
   221 | D        | Reached skill level 8 in Maces & Flails
   266 | D        | Noticed an efreet
   266 | D        | Noticed a centaur warrior
   266 | D        | Noticed a water moccasin
   266 | D        | Noticed a slime creature
   273 | D        | Killed a slime creature
   273 | D        | Reached skill level 9 in Maces & Flails
   273 | D        | Reached XP level 7. HP: 44/44 MP: 8/8
   285 | D        | Killed a centaur warrior
   285 | D        | Reached skill level 10 in Maces & Flails
   285 | D        | Gained mutation: You have razor-sharp teeth. [Vine Stalker growth]
   285 | D        | Reached XP level 8. HP: 42/52 MP: 9/9
   287 | D        | Killed an efreet
   287 | D        | Reached skill level 11 in Maces & Flails
   464 | D        | Identified the Disquisition on Poisoning and the Voyage
   477 | D        | Noticed a komodo dragon
   483 | D        | Reached ****** piety under Trog
   494 | D        | Received a gift from Trog
   494 | D        | Reached XP level 9. HP: 57/57 MP: 10/10
   502 | D        | Killed a komodo dragon
   502 | D        | Received a gift from Trog
   506 | D        | Reached skill level 12 in Maces & Flails
   552 | D        | Noticed a komodo dragon
   552 | D        | Noticed an elephant
   553 | D        | Noticed a spiny frog
   571 | D        | Killed an elephant
   571 | D        | Received a gift from Trog
   571 | D        | Reached skill level 1 in Stealth
   577 | D        | Killed a komodo dragon
   577 | D        | Reached XP level 10. HP: 24/63 MP: 5/11
   581 | D        | HP: 3/94 [spiny frog (20)]
   584 | D        | Killed a spiny frog
   584 | D        | Reached skill level 13 in Maces & Flails
   688 | D        | Noticed a lindwurm
   715 | D        | Killed a lindwurm
   715 | D        | Received a gift from Trog
   968 | D        | Noticed Urug
   978 | D        | Killed Urug
   978 | D        | Reached skill level 14 in Maces & Flails
  1048 | D        | Received a gift from Trog
  1081 | D        | Received a gift from Trog
  1144 | D        | Reached skill level 10 in Dodging
  1145 | D        | Received a gift from Trog
  1149 | D        | Reached XP level 11. HP: 27/70 MP: 9/12
  1201 | D        | Got a brightly glowing great sword {god gift}
  1202 | D        | Identified the +2 great sword of the Sky {slice, rN+} (Trog gifted it to you in the Dungeon)
  1232 | D        | Found Neodydod's General Store.
  1232 | D        | Noticed an ogre mage
  1232 | D        | Noticed an ogre mage
  1232 | D        | Noticed an ogre mage
  1238 | D        | Killed an ogre mage
  1239 | D        | Found Vegrulaw's Distillery.
  1242 | D        | Killed an ogre mage
  1242 | D        | Received a gift from Trog
  1242 | D        | Reached skill level 15 in Maces & Flails
  1247 | D        | Killed an ogre mage
  1248 | D        | Found Qaliv's Magic Scroll Boutique.
  1254 | D        | Received a gift from Trog
  1257 | D        | Found Unedghiack's Weapon Shop.
  1260 | D        | Noticed an ogre mage
  1290 | D        | Killed an ogre mage
  1290 | D        | Reached skill level 15 in Fighting
  1292 | D        | Received a gift from Trog
  1370 | D        | Bought a scroll of enchant armour for 90 gold pieces
  1370 | D        | Bought a scroll of enchant armour for 90 gold pieces
  1532 | D        | Noticed a fire crab
  1532 | D        | Noticed a cyclops
  1537 | D        | Reached skill level 16 in Maces & Flails
  1539 | D        | Noticed an orb spider
  1539 | D        | a fire crab changed into an orb spider
  1541 | D        | Killed a cyclops
  1547 | D        | Noticed a deep troll earth mage
  1549 | D        | Noticed a stone giant
  1549 | D        | Killed an orb spider
  1550 | D        | Received a gift from Trog
  1552 | D        | Noticed a frost giant
  1554 | D        | Noticed a great orb of eyes
  1555 | D        | Noticed a stone giant
  1557 | D        | Noticed a tengu warrior
  1565 | D        | Killed a deep troll earth mage
  1567 | D        | Killed a stone giant
  1576 | D        | Killed from afar by a frost giant

Vault maps used:
D:        linesprint

Skill      XL: |  1  2  3  4  5  6  7  8  9 10 11 |
---------------+----------------------------------+-----
Fighting       | 3 5 6 7 9 11 12 14 15 | 15.5
Maces & Flails | 3 5 6 7 9 10 11 12 14 16 | 16.4
Dodging        | 2 3 4 6 8 10 11 | 11.7
Armour         | 2 3 4 |  4.7
Stealth        | 1 3 4 |  4.3

Action                   |  1- 3 |  4- 6 |  7- 9 | 10-12 || total
-------------------------+-------+-------+-------+-------++-------
Melee: Mace              |    12 |     1 |       |       ||    13
       Bite              |     2 |     7 |    26 |    54 ||    89
       Dire flail        |       |    17 |    65 |   167 ||   249
Invok: Berserk           |     2 |     2 |     1 |     7 ||    12
       Burn Spellbooks   |       |       |     1 |       ||     1
       Brothers in Arms  |       |       |       |     1 ||     1
  Use: Scroll            |       |       |       |     7 ||     7
  Eat: Chunk             |       |     1 |     3 |       ||     4
       Fruit             |       |       |       |     5 ||     5
       Meat ration       |       |       |       |     1 ||     1
       Bread ration      |       |       |       |     1 ||     1
Armor: Animal skin       |       |       |     2 |    13 ||    15
Dodge: Dodged            |     4 |     7 |    32 |    86 ||   129
